 Dungeon Crawl Stone Soup version 0.29.0-4-gdea44cf6ec (webtiles) character file.

Game seed: 1893279828029542929

67 qw the Ruffian (level 4, -4/35 HPs)
             Began as a Ghoul Fire Elementalist on Aug 30, 2022.
             Slain by a gnoll
             ... wielding a +0 spear
              (5 damage)
             ... on level 2 of the Dungeon.
             The game lasted 00:01:21 (1242 turns).

qw the Ruffian (Ghoul Fire Elementalist)            Turns: 1242, Time: 00:01:22

Health: -4/35      AC:  8    Str: 13    XL:     4   Next: 18%
Magic:  5/5        EV:  5    Int: 10    God:
Gold:   114        SH:  0    Dex:  9    Spells: 5/6 levels left

rFire   . . .      SeeInvis .     - Unarmed
rCold   + . .      Faith    .   (no shield)
rNeg    + + +      Spirit   .   h - +0 chain mail
rPois   inf        Reflect  .   (no helmet)
rElec   .          Harm     .   (no cloak)
rCorr   .          Rampage  .   (no gloves)
Will    .....                   (no boots)
Stlth   ..........              (no amulet)
HPRegen 0.00/turn               (no ring)
MPRegen 0.09/turn               (no ring)

@: inhibited regen
A: claws 1, cold resistance 1, negative energy resistance 3, inhibited
regeneration, torment resistance 2, devour on kill
a: no special abilities


You were on level 2 of the Dungeon.
You visited 1 branch of the dungeon, and saw 2 of its levels.

You collected 114 gold pieces.


Innate Abilities, Weirdness & Mutations

You are immune to poison.
You have sharp fingernails.
Your flesh is cold resistant. (rC+)
You are immune to negative energy. (rN+++)
You do not regenerate when monsters are visible.
You are immune to unholy pain and torment.
You thrive by killing the living.


   Skills:
 - Level 1.1 Fighting
 - Level 1.7 Dodging
 - Level 2.1 Stealth
 + Level 3.7 Unarmed Combat
 - Level 1.7 Spellcasting
 - Level 0.7 Conjurations
 - Level 2.4 Fire Magic


You had 5 spell levels left.
You knew the following spells:

 Your Spells              Type           Power      Damage    Failure   Level
a - Foxfire               Conj/Fire      16%        2x1d4     99%         1

Your spell library contained the following spells:

 Spells                   Type           Power      Damage    Failure   Level
 Scorch                   Fire           10%        2d5       100%        2
 Conjure Flame            Conj/Fire      4%         6-21      100%        3
 Inner Flame              Hex/Fire       3%         N/A       100%        3
 Flame Wave               Conj/Fire      4%         2d5       100%        4

Inventory:

Armour
 d - a +0 plate armour
 h - a +0 chain mail (worn)
Scrolls
 a - 2 scrolls of amnesia {unknown}
 b - 2 scrolls of identify {unknown}
 c - a scroll of fear {unknown}
 e - a scroll of teleportation {unknown}
Potions
 f - a potion of mutation {unknown}
 g - a potion of curing {unknown}

Dungeon Overview and Level Annotations

Branches:
Dungeon (2/15)

Altars:


Message History

The gnoll is lightly wounded.
The gnoll hits you but does no damage.
You barely miss the gnoll.
The gnoll is lightly wounded.
You closely miss the gnoll. You barely miss the gnoll.
The gnoll hits you but does no damage.
You scratch the gnoll.
The gnoll is moderately wounded.
The gnoll hits you but does no damage.
The gnoll hits you from afar with a +0 spear.
You scratch the gnoll.
The gnoll is almost dead.
The gnoll barely misses you. The gnoll hits you but does no damage.
The gnoll hits you from afar with a +0 spear.
You scratch the gnoll.
You kill the gnoll!
You feel better.
The gnoll hits you from afar with a +0 spear.
The gnoll hits you but does no damage. The gnoll hits you but does no damage.
The gnoll hits you with a +0 spear.
You scratch the gnoll.
The gnoll is lightly wounded.
The gnoll hits you but does no damage. The gnoll barely misses you.
You barely miss the gnoll.
The gnoll is lightly wounded.
The gnoll hits you but does no damage. The gnoll hits you with a +0 spear.
You closely miss the gnoll. You claw the gnoll.
The gnoll is moderately wounded.
The gnoll barely misses you. The gnoll hits you with a +0 spear!
You closely miss the gnoll.
The gnoll is moderately wounded.
The gnoll hits you with a +0 spear. x2
You closely miss the gnoll.
The gnoll is moderately wounded.
The gnoll hits you with a +0 spear! The gnoll barely misses you.
You claw the gnoll!
The gnoll is almost dead.
The gnoll hits you with a +0 spear. x2
You die...

##########
#........####
#.#####.....#
#.# #..!..#
#.# #..)@.#
#.# #...gg#
#.# #......$
#.# #......##
#.# #......#
#.# #.....##
#.# #######
#.#####
#.....#


You could see 2 gnolls.

Vanquished Creatures
  2 adders (D:2)
  A gnoll (D:2)
  6 ball pythons
  5 endoplasms
  2 giant cockroaches (D:1)
  2 goblins (D:1)
  6 hobgoblins (D:1)
  3 kobolds (D:1)
  2 quokkas
  3 bats (D:1)
  A frilled lizard (D:1)
  3 rats
36 creatures vanquished.

Notes
Turn   | Place    | Note
-------+----------+-------------------------------------------
     0 | D:1      | qw the Ghoul Fire Elementalist began the quest for the Orb.
     0 | D:1      | Reached XP level 1. HP: 14/14 MP: 2/2
     0 | D:1      | 0 ||| qw: Version: 0.1-a-90-g952f4b7
     0 | D:1      | 0 ||| qw: Game counter: 4267
     0 | D:1      | 0 ||| qw: Always use a shield: true
     0 | D:1      | 0 ||| qw: God list: Okawaru
     0 | D:1      | 0 ||| qw: Allow faded altars: false
     0 | D:1      | 0 ||| qw: Do Orc after D:15 true
     0 | D:1      | 0 ||| qw: Do second Lair branch before Depths: true
     0 | D:1      | 0 ||| qw: Lair rune preference: random
     0 | D:1      | 0 ||| qw: Plans: Normal
     0 | D:1      | 0 ||| PLANNING D:1-11
    10 | D:1      | 10 ||| Stepping ~*~*~tactically~*~*~ (stealth).
    84 | D:1      | Reached skill level 1 in Unarmed Combat
   173 | D:1      | Reached XP level 2. HP: 22/22 MP: 3/3
   184 | D:1      | Reached skill level 1 in Fighting
   398 | D:1      | Reached skill level 2 in Unarmed Combat
   440 | D:1      | 440 ||| Stepping ~*~*~tactically~*~*~ (stealth).
   468 | D:1      | 468 ||| Stepping ~*~*~tactically~*~*~ (stealth).
   472 | D:1      | 472 ||| Stepping ~*~*~tactically~*~*~ (stealth).
   479 | D:1      | Reached XP level 3. HP: 26/28 MP: 4/4
   488 | D:1      | 488 ||| Stepping ~*~*~tactically~*~*~ (stealth).
   490 | D:1      | 490 ||| Stepping ~*~*~tactically~*~*~ (stealth).
   916 | D:1      | 916 ||| UPGRADING to +0 ring mail.
   926 | D:1      | 926 ||| DROPPING +0 robe.
   927 | D:1      | 927 ||| UPGRADING to +0 scale mail.
   937 | D:1      | 937 ||| DROPPING +0 ring mail.
   938 | D:1      | 938 ||| UPGRADING to +0 chain mail.
   948 | D:1      | 948 ||| DROPPING +0 scale mail.
   949 | D:1      | 949 ||| READING scroll labelled SOWOSO ZOIXT.
   950 | D:1      | 950 ||| READING scroll labelled LUASYCZ BUUV.
   951 | D:1      | 951 ||| DROPPING potion of magic.
  1041 | D:2      | Reached skill level 3 in Unarmed Combat
  1157 | D:2      | Reached XP level 4. HP: 35/35 MP: 5/5
  1241 | D:2      | HP: 2/35 [gnoll/+0 spear (8)]
  1242 | D:2      | Slain by a gnoll

Levels and vault maps discovered:
D:1:      spicycebolla_green_bress_n_ham, layout_basic
D:2:      layout_basic, chequers_ecumenical_altar_island

Skill      XL: |  1  2  3 |
---------------+----------+-----
Unarmed Combat | 1 2 3 |  3.7
Fighting       | 1 |  1.1
Dodging        | |  1.7
Stealth        | |  2.1
Spellcasting   | |  1.7
Conjurations   | |  0.7
Fire Magic     | |  2.4

Action                   |  1- 3 |  4- 6 || total
-------------------------+-------+-------++-------
Melee: Unarmed           |   107 |    13 ||   120
       Punch             |     2 |     1 ||     3
  Use: Scroll            |     2 |       ||     2
Armor: Robe              |     9 |       ||     9
       Chain mail        |    22 |     8 ||    30
Dodge: Dodged            |    45 |     4 ||    49

Table legend:
 A = Non-vault XP
 B = Vault XP
 C = Vault XP percentage of total XP
 D = Non-vault monster count
 E = Vault monster count
 F = Vault count percentage of total count
                 A         B        C        D         E       F
            +---------+---------+-------+---------+---------+-------
      Total |      97 |       0 |   0.0 |      36 |       0 |   0.0
            +---------+---------+-------+---------+---------+-------
        D:1 |      50 |       0 |   0.0 |      29 |       0 |   0.0
        D:2 |      47 |       0 |   0.0 |       7 |       0 |   0.0
            +---------+---------+-------+---------+---------+-------
